 Dungeon Crawl Stone Soup version 0.31.0 (webtiles) character file.

Game seed: 13533968774758454134

89 qw the Shooter (level 4, -2/28 HPs)
             Began as a Gargoyle Hunter on Jan 19, 2024.
             Slain by an iguana (8 damage)
             ... on level 3 of the Dungeon.
             The game lasted 00:00:09 (2269 turns).

qw the Shooter (Gargoyle Hunter)                    Turns: 2269, Time: 00:00:09

Health: -2/28      AC:  9    Str: 14    XL:     4   Next: 55%
Magic:  4/4        EV: 10    Int: 10    God:
Gold:   175        SH:  0    Dex: 15    Spells: 3/3 levels left

rFire   . . .        a - +0 shortbow
rCold   . . .        (shield currently unavailable)
rNeg    + . .        f - +0 ring mail
rPois   inf          k - +0 helmet
rElec   +            (no cloak)
rCorr   .            (no gloves)
SInv    .            (no boots)
Will    .....        (no amulet)
Stlth   +            (no ring)
HPRegen 0.24/turn    (no ring)
MPRegen 0.09/turn

%: no passive effects
@: no status effects
A: sickness immunity, AC +3, negative energy resistance 1, electricity
resistance, torment resistance 1, petrification resistance
a: no special abilities


You were on level 3 of the Dungeon.
You visited 1 branch of the dungeon, and saw 3 of its levels.

You collected 175 gold pieces.


Innate Abilities, Weirdness & Mutations

You are immune to sickness and miasma.
Your stone body is resilient. (AC +3)
You are immune to poison.
You resist negative energy. (rN+)
You are resistant to electric shocks. (rElec)
You are resistant to unholy torment.
You are immune to petrification.


   Skills:
 - Level 3.2 Fighting
 + Level 5.2 Ranged Weapons
 - Level 1.0 Armour
 - Level 1.5 Dodging
 - Level 1.1 Stealth


You had 3 spell levels left.
You didn't know any spells.
Your spell library was empty.

Inventory:

Hand Weapons
 a - a +0 shortbow (weapon)
Armour
 f - a +0 ring mail (worn)
 k - a +0 helmet (worn)
Jewellery
 c - a +6 ring of intelligence
Scrolls
 b - a scroll of vulnerability {unknown}
Potions
 i - a potion of curing

Dungeon Overview and Level Annotations

Branches:
Dungeon (3/15)

Altars:
Yredelemnul


Message History

Enter note:
Enter note:
Enter note:
Enter note:
There is an open door here.
There is an open door here.
A kobold comes into view. It is wielding a +0 dagger.
You shoot an arrow. The arrow barely misses the kobold.
The kobold shouts!
You shoot an arrow. The arrow hits the kobold.
You kill the kobold!
An iguana comes into view.
The iguana hisses angrily.
You shoot an arrow. The arrow barely misses the iguana.
A bat comes into view.
You shoot an arrow.
The arrow hits the iguana but does no damage.
You shoot an arrow. The arrow completely misses the iguana.
The bat barely misses you. The bat closely misses you.
You shoot an arrow. The arrow closely misses the bat.
The bat barely misses you.
You shoot an arrow. The arrow hits the iguana.
The iguana is heavily wounded.
The bat hits you but does no damage. The iguana barely misses you.
You shoot an arrow. The arrow completely misses the iguana.
The bat barely misses you. The iguana bites you! x2
You shoot an arrow.
The arrow hits the iguana but does no damage.
The iguana is heavily wounded.
The bat hits you but does no damage. x2; The iguana completely misses you.
The bat barely misses you.
You shoot an arrow. The arrow barely misses the iguana.
The bat hits you but does no damage. x2; The iguana barely misses you.
You shoot an arrow. The arrow hits the iguana!
The iguana is almost dead.
The iguana bites you! The bat hits you but does no damage.
You shoot an arrow. The arrow hits the iguana.
The iguana is almost dead.
The bat barely misses you. The iguana barely misses you. The iguana bites you!
You die...

#...#..........#..........+
#...#..........#..........#
#...#).........##+#####<#..
##.............##'.........
#.........................
#.....####................
####### #......).......##
#######........####+#.
#.....@b.......# #.#.
#....l.........# #.#..
#..............####.###
#........####+#.....#
..........####.......#
....................##
...............[..<.#
....................#
...........#


You could see an iguana and a bat.

Vanquished Creatures
  An adder (D:3)
  A dart slug (D:3)
  2 ribbon worms
  4 orcs
  A bat (D:1)
  7 endoplasms
  4 giant cockroaches
  11 hobgoblins
  7 jackals
  4 kobolds
  3 quokkas
  3 ball pythons
  2 frilled lizards
  4 goblins
  7 rats
61 creatures vanquished.

Notes
Turn   | Place    | Note
-------+----------+-------------------------------------------
     0 | D:1      | qw the Gargoyle Hunter began the quest for the Orb.
     0 | D:1      | Reached XP level 1. HP: 12/12 MP: 1/1
     0 | D:1      | 0 ||| qw: Version: 0.3-a-132-g3d54051
     0 | D:1      | 0 ||| qw: Game counter: 199
     0 | D:1      | 0 ||| qw: Melee chars always use a shield: true
     0 | D:1      | 0 ||| qw: God list: Okawaru
     0 | D:1      | 0 ||| qw: Allow faded altars: false
     0 | D:1      | 0 ||| qw: Do Orc after clearing Dungeon:15 true
     0 | D:1      | 0 ||| qw: Do second Lair branch before Depths: true
     0 | D:1      | 0 ||| qw: Lair rune preference: random
     0 | D:1      | 0 ||| qw: Goals: Normal
     0 | D:1      | 0 ||| PLANNING D:1-11
   173 | D:1      | Reached XP level 2. HP: 14/17 MP: 2/2
   446 | D:1      | Noticed a shining eye
   449 | D:1      | Noticed an eye of devastation
   452 | D:1      | Found a faded altar of an unknown god.
   454 | D:1      | Noticed a glass eye
   454 | D:1      | Noticed an eye of devastation
   986 | D:1      | 986 ||| UPGRADING to +0 ring mail.
   996 | D:1      | 996 ||| DROPPING +0 leather armour.
   997 | D:1      | 997 ||| UPGRADING to +0 helmet.
  1002 | D:1      | 1002 ||| READING 3 scrolls labelled QOARCH BUICUJE.
  1002 | D:1      | 1002 ||| IDENTIFYING smoky white potion
  1003 | D:1      | 1003 ||| READING 2 scrolls of identify.
  1003 | D:1      | 1003 ||| IDENTIFYING puce potion
  1004 | D:1      | 1004 ||| READING scroll of identify.
  1004 | D:1      | 1004 ||| IDENTIFYING 2 blue potions
  1005 | D:1      | 1005 ||| READING 2 scrolls labelled SYTRIO NENWUG.
  1010 | D:1      | 1010 ||| READING scroll labelled WEGECL MOSESE.
  1111 | D:1      | 1111 ||| DROPPING scroll of butterflies.
  1112 | D:1      | 1112 ||| DROPPING potion of ambrosia.
  1113 | D:1      | 1113 ||| DROPPING 2 potions of attraction.
  1143 | D:2      | Found a basalt altar of Yredelemnul.
  1149 | D:2      | 1149 ||| FLEEEEING.
  1152 | D:2      | 1152 ||| FLEEEEING.
  1153 | D:2      | 1153 ||| FLEEEEING.
  1154 | D:2      | 1154 ||| STAIRDANCE
  1182 | D:2      | Reached XP level 3. HP: 21/21 MP: 3/3
  1187 | D:2      | Reached skill level 1 in Armour
  1436 | D:2      | Reached skill level 5 in Ranged Weapons
  1471 | D:2      | HP: 5/22 [quokka (2)]
  1472 | D:2      | 1472 ||| READING scroll of teleportation.
  1472 | D:2      | HP: 2/22 [quokka (2)]
  1477 | D:2      | 1477 ||| FLEEEEING.
  1961 | D:2      | 1961 ||| DROPPING scarf of harm.
  1982 | D:3      | Reached skill level 3 in Fighting
  1982 | D:3      | Reached XP level 4. HP: 28/28 MP: 4/4
  2075 | D:3      | 2075 ||| FLEEEEING.
  2268 | D:3      | HP: 6/28 [iguana (7)]
  2269 | D:3      | Slain by an iguana

Levels and vault maps discovered:
D:1:      minmay_arrival_radiant_lines, layout_basic,
          hellmonk_ecumenical_altar_watching_god, serial_forest,
          infiniplex_forest_straight_1, infiniplex_forest_end_3,
          infiniplex_forest_lined_corner, infiniplex_forest_end_2,
          infiniplex_forest_straight_3, infiniplex_forest_clump_C,
          infiniplex_forest_pool, chequers_serial_rivers_micro_b
D:2:      layout_loops_ring, basic_altar, guppyfry_early_orc_mine
D:3:      layout_basic, nicolae_overflow_crystal_walls

Skill      XL: |  1  2  3 |
---------------+----------+-----
Armour         | 1 |  1.0
Ranged Weapons | 5 |  5.2
Fighting       | 3 |  3.2
Dodging        | |  1.5
Stealth        | |  1.1

Action                     |  1- 3 |  4- 6 || total
---------------------------+-------+-------++-------
   Fire: Shortbow          |   170 |    57 ||   227
    Use: Scroll            |     6 |       ||     6
 Armour: Leather armour    |    11 |       ||    11
         Ring mail         |    39 |    27 ||    66
  Dodge: Dodged            |    47 |    24 ||    71

Table legend:
 A = Non-vault XP
 B = Vault XP
 C = Vault XP percentage of total XP
 D = Non-vault monster count
 E = Vault monster count
 F = Vault count percentage of total count
                 A         B        C        D         E       F
            +---------+---------+-------+---------+---------+-------
      Total |     113 |      15 |  11.7 |      54 |       7 |  11.5
            +---------+---------+-------+---------+---------+-------
        D:1 |      27 |       0 |   0.0 |      16 |       0 |   0.0
        D:2 |      39 |      15 |  27.8 |      21 |       7 |  25.0
        D:3 |      47 |       0 |   0.0 |      17 |       0 |   0.0
            +---------+---------+-------+---------+---------+-------
